 Dungeon Crawl Stone Soup version 0.31-a0-844-gdc52ec4e09 (webtiles) character file.

Game seed: 14799785242268145400

5414 IdlyInterested the Jinx (level 10, -3/70 HPs)
             Began as a Demonspawn Gladiator on Sept 27, 2023.
             Was a Follower of Dithmenos.
             Slain by a killer bee (8 damage)
             ... on level 9 of the Dungeon on Sept 28, 2023.
             The game lasted 00:41:44 (9036 turns).

IdlyInterested the Jinx (Demonspawn Gladiator)      Turns: 9036, Time: 00:41:44

Health: -3/70      AC:  5    Str: 13    XL:     10   Next: 40%
Magic:  11/14      EV: 11    Int: 19    God:    Dithmenos [*.....]
Gold:   203        SH:  0    Dex: 13    Spells: 2/15 levels left

rFire   . . .        R - +5 short sword
rCold   . . .        Q - orb {guile}
rNeg    . . .        m - +0 ring mail
rPois   .            (helmet restricted)
rElec   .            O - scarf {repulsion}
rCorr   .            (no gloves)
SInv    .            (no boots)
Will    .....        (no amulet)
Stlth   ++           h - ring of willpower
HPRegen 0.31/turn    (no ring)
MPRegen 0.14/turn

%: repel missiles
@: lethally poisoned (-3 -> -6), weak-willed, wreathed by umbra
A: antennae 1, spiny 1, demonic magic 2, clever 1
a: Renounce Religion


You were on level 9 of the Dungeon.
You worshipped Dithmenos.
Dithmenos was aware of your devotion.
You visited 2 branches of the dungeon, and saw 10 of its levels.

You collected 489 gold pieces.
You spent 286 gold pieces at shops.

Inventory:

Hand Weapons
 a - a +0 long sword
 B - a +0 long sword of protection
 D - a +0 dagger
 H - a +1 dagger of venom
 R - a +5 short sword (weapon)
Missiles
 c - 80 stones (quivered)
 d - 3 throwing nets
 t - 9 poisoned darts
 L - 6 atropa-tipped darts
 P - 9 boomerangs
Armour
 b - a +0 leather armour
 f - a +0 chain mail
 j - a +0 kite shield
 m - a +0 ring mail (worn)
 G - a +0 scale mail
 J - a +0 cloak
 O - a scarf of repulsion (worn)
 Q - an orb of guile (worn)
Magical Staves
 q - a staff of cold
Jewellery
 h - a ring of willpower (left hand)
Talismans
 V - a maw talisman
Wands
 n - a wand of flame (32)
 y - a wand of light (6)
Scrolls
 g - a scroll of noise {unknown}
 i - a scroll of enchant armour {unknown}
 k - a scroll of fear {unknown}
 l - 2 scrolls of revelation
 o - 2 scrolls of teleportation
 w - 2 scrolls of fog
 x - a scroll of amnesia {unknown}
 A - a scroll of brand weapon {unknown}
 F - a scroll of immolation {unknown}
 I - a scroll of enchant weapon {unknown}
 T - a scroll of summoning {unknown}
 W - a scroll of vulnerability {unknown}
Potions
 p - a potion of might
 s - a potion of magic
 u - 2 potions of haste
 v - 2 potions of curing
 z - 3 potions of attraction
 C - 3 potions of berserk rage
 E - a potion of mutation
 M - a potion of cancellation {unknown}
 N - a potion of enlightenment {unknown}
 S - a potion of resistance {unknown}
 U - a potion of brilliance {unknown}
Miscellaneous
 X - a phial of floods


   Skills:
 + Level 3.3 Fighting
 * Level 8.9(9.1) Short Blades
 - Level 3.0(6.4) Long Blades
 - Level 2.0 Throwing
 - Level 1.0 Armour
 - Level 3.0 Dodging
 - Level 3.0 Stealth
 - Level 1.0 Shields
 - Level 3.0 Spellcasting
 - Level 9.0 Hexes
 - Level 1.0 Necromancy
 - Level 8.0 Translocations
 - Level 1.0 Ice Magic
 - Level 1.0 Invocations
 - Level 1.0 Evocations
 - Level 1.0 Shapeshifting


You had 2 spell levels left.
You knew the following spells:

 Your Spells              Type           Power      Damage    Failure   Level
a - Tukima's Dance        Hex            37%        N/A       2%          3
b - Jinxbite              Hex            74%        N/A       1%          2
c - Dimensional Bullseye  Hex/Tloc       17%        N/A       10%         4
d - Anguish               Hex/Necr       10%        N/A       38%         4

Your spell library contained the following spells:

 Spells                   Type           Power      Damage    Failure   Level
 Ensorcelled Hibernation  Hex/Ice        42%        N/A       6%          2
 Iskenderun's Mystic Bla  Conj/Tloc      18%        2d6       52%         4
 Frozen Ramparts          Ice            12%        1d2       54%         3
 Ozocubu's Armour         Ice            6%         N/A       54%         3
 Ignite Poison            Fire/Tmut/Pois 2%         N/A       67%         3
 Metabolic Englaciation   Hex/Ice        10%        N/A       75%         5
 Petrify                  Tmut/Erth      2%         N/A       97%         4
 Sticky Flame             Conj/Fire      2%         2d3       97%         4
 Ozocubu's Refrigeration  Ice            3%         4d8       100%        7
 Ignition                 Fire           1%         3d3       100%        8


Dungeon Overview and Level Annotations

Branches:
Dungeon (9/15)             Temple (1/1) D:7            Lair (0/5) D:8
    Orc: D:9-12

Altars:
Ashenzari
Cheibriados
Dithmenos
Fedhas
Gozag
Hepliaklqana
Kikubaaqudgha
Makhleb
Nemelex Xobeh
Okawaru
Sif Muna
Trog
Uskayaw
Xom
Yredelemnul

Shops:
D:5 :


Innate Abilities, Weirdness & Mutations

You have a pair of small antennae on your head.
You are partially covered in sharp spines.
Spells you cast may paralyse nearby enemies.
Your mind is acute. (Int +4, Str/Dex -1)


Message History

You throw a stone. The killer bee buzzes angrily.
The stone hits the killer bee but does no damage.
Throw: 81 stones
Press: ? - help, Q - select action, (/) - cycle Shift-Dir - straight line, f/p - killer bee
Aim: a killer bee (23% to hit)
You throw a stone. The stone misses the killer bee.
The killer bee buzzes angrily.
You hear an angry buzzing noise.
A killer bee comes into view.
The killer bee stings you.
* * * LOW HITPOINT WARNING * * *
You are poisoned.
The killer bee poisons you!
You hit the killer bee.
The killer bee is lightly wounded.
You feel sick. The killer bee barely misses you.
You puncture the killer bee!
The killer bee is severely wounded.
You feel sick. The killer bee barely misses you.
You hit the killer bee.
The killer bee is severely wounded.
You feel sick.
The killer bee is struck by your spines.
You kill the killer bee!
Dithmenos accepts your kill.
Throw: 80 stones
Press: ? - help, Q - select action, (/) - cycle Shift-Dir - straight line, f - killer bee
Aim: a killer bee (23% to hit)
Okay, then.
Throw: javelin (silver)
Press: ? - help, Shift-Dir - straight line, f - killer bee
Aim: a killer bee (23% to hit)
You throw a silver javelin.
The silver javelin closely misses the killer bee.
The silver javelin misses the killer bee.
You feel sick.
The killer bee stings you but does no damage.
The killer bee stings you!
You die...

#.########.# #..
#..........########. ######..
#...........................<
......................#####..###
.......................# #..
.......................# #.
.#######...#####.#####.# #.
#...# #.# # # #...# #@# ###. #y#
#.#####y# #.....))# .........#
......$..# .......y.# ........(#
..y..(..(#


You could see 3 killer bees.

Vanquished Creatures
  A troll (D:7)
  A wyvern (D:7)
  Sigmund (D:3)
  A wraith (D:8)
  4 yaks (D:9)
  An orc warrior (D:8)
  2 black bears
  2 sky beasts (D:7)
  A phantom (D:6)
  A kobold brigand (D:9)
  A gnoll sergeant (D:8)
  8 scorpions
  4 wights (D:8)
  11 killer bees
  3 jellies
  5 orc priests
  A gnoll bouda (D:9)
  6 hounds
  4 iguanas
  10 orc wizards
  A sleepcap (D:6)
  Robin (D:3)
  9 gnolls
  10 adders
  A shadow imp (D:8)
  A white imp (D:6)
  2 ufetubi
  2 worms (D:2)
  A dart slug (D:2)
  45 orcs
  5 bats
  6 endoplasms
  6 giant cockroaches
  13 goblins
  5 hobgoblins
  4 jackals (D:1)
  14 kobolds
  2 quokkas
  11 ball pythons
  2 frilled lizards
209 creatures vanquished.

Vanquished Creatures (collateral kills)
  An orc warrior (D:8)
  2 gnolls
  2 orcs (D:8)
5 creatures vanquished.

Vanquished Creatures (others)
  3 dancing weapons (D:8)
3 creatures vanquished.

Grand Total: 217 creatures vanquished

Notes
Turn   | Place    | Note
-------+----------+-------------------------------------------
     0 | D:1      | IdlyInterested the Demonspawn Gladiator began the quest for
                  | the Orb.
     0 | D:1      | Reached XP level 1. HP: 16/16 MP: 1/1
    98 | D:1      | Gained mutation: You have a pair of small antennae on your
                  | head. [demonic ancestry]
    98 | D:1      | Reached XP level 2. HP: 22/22 MP: 2/2
   400 | D:1      | Reached skill level 1 in Armour
   461 | D:1      | Found a faded altar of an unknown god.
   931 | D:2      | Reached skill level 1 in Shields
   931 | D:2      | Gained mutation: Spells you cast may paralyse adjacent
                  | enemies. [demonic ancestry]
   931 | D:2      | Reached XP level 3. HP: 27/27 MP: 3/3
   948 | D:2      | Reached skill level 1 in Stealth
  1058 | D:2      | Reached skill level 1 in Short Blades
  1104 | D:2      | Gained mutation: You are partially covered in sharp spines.
                  | [demonic ancestry]
  1104 | D:2      | Reached XP level 4. HP: 33/33 MP: 3/5
  1110 | D:2      | Reached skill level 1 in Spellcasting
  1190 | D:2      | Found a shadowy altar of Dithmenos.
  1354 | D:3      | Noticed Sigmund
  1375 | D:3      | Killed Sigmund
  1376 | D:3      | Reached skill level 1 in Ice Magic
  1376 | D:3      | Reached XP level 5. HP: 14/38 MP: 6/6
  1659 | D:3      | Noticed Robin
  1675 | D:3      | Killed Robin
  1676 | D:3      | Reached XP level 6. HP: 34/44 MP: 7/7
  1859 | D:3      | Reached skill level 1 in Evocations
  1991 | D:4      | Upgraded the game from 0.31-a0-841-g038b102fc3 to
                  | 0.31-a0-844-gdc52ec4e09
  2104 | D:4      | Reached skill level 1 in Invocations
  2540 | D:4      | Reached skill level 1 in Shapeshifting
  3298 | D:4      | Reached skill level 5 in Short Blades
  3298 | D:4      | Reached XP level 7. HP: 33/51 MP: 8/8
  3647 | D:5      | Entered Level 5 of the Dungeon
  3990 | D:5      | Reached XP level 8. HP: 42/58 MP: 9/9
  4700 | D:5      | Found Ethriotyk's Book Boutique.
  4708 | D:5      | Reached skill level 8 in Hexes
  4708 | D:5      | Reached XP level 9. HP: 63/63 MP: 10/10
  4713 | D:5      | Learned a level 3 spell: Tukima's Dance
  4817 | D:5      | Bought a book of Dreams for 286 gold pieces
  4820 | D:5      | Learned a level 2 spell: Jinxbite
  5149 | D:6      | Gained mutation: You have hidden genetic defects. [potion
                  | of mutation]
  5150 | D:6      | Lost mutation: You have hidden genetic defects. [potion of
                  | mutation]
  5150 | D:6      | Gained mutation: Your mind is acute. (Int +4, Str/Dex -1)
                  | [potion of mutation]
  6325 | D:7      | Noticed a troll
  6349 | D:7      | Killed a troll
  6534 | D:7      | Found a staircase to the Ecumenical Temple.
  6556 | Temple   | Entered the Ecumenical Temple
  7217 | D:8      | Found a staircase to the Lair.
  7376 | D:7      | Learned a level 4 spell: Dimensional Bullseye
  7381 | D:7      | Learned a level 4 spell: Anguish
  7734 | Temple   | Became a worshipper of Dithmenos the Shadowed
  8009 | D:8      | Gained mutation: Spells you cast may paralyse nearby
                  | enemies. [demonic ancestry]
  8009 | D:8      | Reached XP level 10. HP: 61/70 MP: 11/14
  8116 | D:8      | Reached skill level 9 in Hexes
  8542 | D:9      | Noticed a two-headed ogre
  8740 | D:9      | Found an iron altar of Okawaru.
  8740 | D:9      | Found an opulent altar of Gozag.
  8756 | D:9      | Reached * piety under Dithmenos
  8757 | D:9      | Reached skill level 1 in Necromancy
  9036 | D:9      | Slain by a killer bee

Illustrated notes

Levels and vault maps discovered:
D:1:      lightli_arrival_statuegarden, layout_loops_ring,
          hellmonk_ecumenical_altar_lost_god, grunt_decor_clamped
D:2:      layout_basic, basic_altar, minmay_domino_4
D:3:      layout_rooms, amethyst_killhole, uniq_robin, uniq_sigmund
D:4:      layout_layer_cave, nzn_random_ring
D:5:      layout_gridville, serial_shops, shop, hangedman_decor_opposing
D:6:      layout_loops_ring
D:7:      layout_loops_cross, minmay_temple_entry_purple_smoke
D:8:      layout_loops_cross, lair_entry_dummy
D:9:      layout_irregular_city, mainiacjoe_overflow_brackets,
          kennysheep_mini_moat, gammafunk_temple_overflow_wave
Temple:   regret_index_temple_sphere_string

Skill      XL: |  1  2  3  4  5  6  7  8  9 10 |
---------------+-------------------------------+-----
Long Blades    | 3 |  3.0
Throwing       | 2 |  2.0
Dodging        | 3 |  3.0
Armour         | 1 |  1.0
Shields        | 1 |  1.0
Stealth        | 1 2 3 |  3.0
Short Blades   | 1 3 5 6 8 |  8.9
Spellcasting   | 1 3 |  3.0
Ice Magic      | 1 |  1.0
Evocations     | 1 |  1.0
Invocations    | 1 |  1.0
Shapeshifting  | 1 |  1.0
Fighting       | 3 |  3.3
Hexes          | 8 9 |  9.0
Translocations | 7 8 |  8.0
Necromancy     | 1 |  1.0

Action                     |  1- 3 |  4- 6 |  7- 9 | 10-12 || total
---------------------------+-------+-------+-------+-------++-------
  Melee: Long sword        |    94 |   121 |    24 |       ||   239
         Punch             |     1 |     2 |       |       ||     3
         Dagger            |       |       |    82 |       ||    82
         Short sword       |       |       |   235 |   121 ||   356
  Throw: Stone             |       |     4 |     7 |     7 ||    18
         Javelin           |       |     3 |     2 |     7 ||    12
         Dart              |       |     1 |       |       ||     1
   Cast: Jinxbite          |       |       |     7 |     2 ||     9
         Tukima's Dance    |       |       |     5 |     6 ||    11
         Dimensional Bulls |       |       |       |     1 ||     1
    Use: Potion            |     1 |     4 |     5 |     3 ||    13
         Scroll            |       |     2 |     6 |       ||     8
   Stab: Paralysed         |       |       |     5 |    11 ||    16
 Armour: Chain mail        |    86 |   134 |    74 |       ||   294
         Leather armour    |     6 |       |       |       ||     6
         Ring mail         |       |       |   116 |    57 ||   173
  Dodge: Dodged            |    42 |    32 |    96 |    54 ||   224
  Block: Kite shield       |       |    37 |    96 |       ||   133

Table legend: (Time is in decaauts)
 A = Elapsed time spent in this place.
 B = Non-inter-level travel time spent in this place.
 C = Inter-level travel time spent in this place.
 D = Time resting spent in this place.
 E = Time spent auto-exploring this place.
 F = Levels seen in this place.
 G = Mean time per level.
                   A        B        C        D        E       F      G
               +--------+--------+--------+--------+--------+-----+--------+
         Total |   8987 |   7937 |   1050 |   1911 |   3818 |  10 |  898.7 |
       Dungeon |   8952 |   7932 |   1020 |   1911 |   3818 |   9 |  994.7 |
        Temple |     35 |      5 |     30 |      0 |      0 |   1 |   35.0 |
               +--------+--------+--------+--------+--------+-----+--------+

Top non-repeatable levels by time:
     D:4: 1756 daAuts
     D:7: 1300 daAuts
     D:8: 1152 daAuts
     D:5: 1104 daAuts
     D:6: 1102 daAuts
     D:1: 874 daAuts
     D:3: 679 daAuts
     D:2: 588 daAuts
     D:9: 392 daAuts
  Temple: 35 daAuts
